AoeStats
← Crowley

Arena

508878907Analyzed
4v4 RM · 6d ago on Sep 24, 2026· 41m 51s· 8 players
Game mode
Random Map
Map size
Large (8 player)
Population
200
Speed
Normal
Resources
Standard
Victory
Conquest
Starting age
Dark Age
Ending age
Imperial Age
RankedLock teamsTeams togetherTeam positionsShared explorationLock speedFull tech treeHidden civsTurbo modeCheats
Victory
Defeat
🇨🇳 Danes · China
1520
+8
🇨🇳 Danes · China
1418
+11
🇭🇰 Poles · Hong Kong SAR China
1307
+16
🇨🇳 Hindustanis · China
1042
+25
🇨🇳 Wu · China
1329
-16
🇨🇳 Vikings · China
1315
-16
🇨🇳 Bohemians · China
1297
-15
🇨🇳 Bengalis · China
1262
-13
你好
10:40 Feudal Age
11:39 Double-Bit Axe
11:35 Horse Collar
14:34 Castle Age
15:29 Bow Saw
15:20 Heavy Plow
19:31 Gold Mining
21:05 Gold Shaft Mining
20:59 Loom
21:31 Scale Mail Armor
24:40 Chain Mail Armor
25:35 Forging
25:29 Squires
27:26 Iron Casting
28:42 Arson
33:58 Imperial Age
31:04 Man-at-Arms
31:54 Fletching
31:49 Long Swordsman
33:58 Two-Handed Swordsman
35:11 Plate Mail Armor
35:54 Blast Furnace
35:46 Champion
38:19 Conscription
39:43 Treadmill Crane
40:06 Bodkin Arrow
Crowley
7:20 Loom
11:00 Feudal Age
12:07 Double-Bit Axe
12:16 Town Watch
14:55 Castle Age
13:16 Horse Collar
16:10 Bow Saw
16:14 Heavy Plow
24:08 Wheelbarrow
23:45 Gold Mining
23:47 Stone Mining
27:12 Hand Cart
31:21 Imperial Age
28:59 Scale Barding Armor
29:41 Bloodlines
29:35 Husbandry
30:02 Chain Barding Armor
29:55 Forging
30:59 Fortified Wall
31:37 Iron Casting
30:54 Fletching
31:54 Masonry
31:54 Elite Battle Elephant
33:24 Gold Shaft Mining
33:37 Plate Barding Armor
34:11 Blast Furnace
33:34 Conscription
34:44 Bodkin Arrow
35:13 Ballistics
38:04 Elite Elephant Archer
38:40 Light Cavalry
39:26 Light Cavalry
40:12 Bracer
42:00 Chemistry
我要压力你了
10:16 Feudal Age
11:53 Double-Bit Axe
14:23 Castle Age
13:28 Horse Collar
15:30 Bow Saw
23:53 Wheelbarrow
24:37 Fervor
29:07 Imperial Age
26:54 Hand Cart
26:26 Loom
27:06 Padded Archer Armor
26:59 Fletching
28:39 Chemistry
28:01 Ballistics
28:13 Leather Archer Armor
28:43 Wagenburg Tactics
28:27 Pikeman
29:10 Scale Mail Armor
31:07 Two-Man Saw
31:28 Conscription
35:04 Ring Archer Armor
34:43 Siege Engineers
不会进攻
9:29 Feudal Age
15:39 Castle Age
14:06 Double-Bit Axe
17:25 Bow Saw
19:25 Wheelbarrow
21:12 Loom
29:58 Imperial Age
27:40 Fletching
27:51 Padded Archer Armor
29:17 Bodkin Arrow
29:38 Leather Archer Armor
30:28 Ballistics
31:01 Conscription
30:45 Bracer
30:47 Scale Mail Armor
31:57 Chemistry
30:53 Gold Mining
30:53 Stone Mining
30:54 Horse Collar
32:23 Heavy Plow
32:56 Masonry
33:02 Elite Fire Archer
33:54 Pikeman
34:34 Squires
34:48 Forging
34:49 Halberdier
36:40 Chain Mail Armor
37:00 Iron Casting
38:02 Plate Mail Armor
37:51 Hand Cart
38:57 Sitting Tiger
42:10 Blast Furnace
seabed
3:33 Loom
11:13 Feudal Age
15:22 Castle Age
13:09 Double-Bit Axe
15:02 Horse Collar
15:27 Scale Mail Armor
16:33 Arson
19:03 Chain Mail Armor
25:17 Bow Saw
28:02 Wheelbarrow
27:33 Loom
32:18 Imperial Age
31:00 Fletching
31:24 Gold Mining
31:52 Bodkin Arrow
32:35 Bloodlines
32:52 Hand Cart
33:15 Gold Shaft Mining
32:46 Husbandry
33:02 Thumb Ring
33:36 Bracer
33:38 Padded Archer Armor
34:46 Forging
34:11 Cranequins
36:11 Chemistry
35:20 Heavy Mounted Crossbowman
37:12 Leather Archer Armor
39:12 Heavy Plow
39:53 Ring Archer Armor
39:47 Ballistics
40:21 Conscription
岛哥
10:34 Feudal Age
14:34 Castle Age
13:19 Double-Bit Axe
16:29 Bow Saw
16:57 Horse Collar
23:02 Heavy Plow
24:54 Loom
29:19 Imperial Age
27:31 Wheelbarrow
27:27 Gold Mining
27:27 Stone Mining
28:11 Scale Barding Armor
28:17 Forging
28:43 Hand Cart
28:14 Town Watch
29:07 Gold Shaft Mining
28:46 Grand Trunk Road
30:04 Chain Barding Armor
30:20 Iron Casting
30:22 Conscription
30:11 Husbandry
30:22 Bloodlines
29:42 Heavy Camel Rider
31:31 Chemistry
30:42 Masonry
31:31 Plate Barding Armor
32:57 Two-Man Saw
31:25 Imperial Camel Rider
33:18 Blast Furnace
32:44 Town Patrol
33:35 Scale Mail Armor
33:36 Padded Archer Armor
33:26 Fletching
33:35 Murder Holes
34:13 Coinage
34:22 Stone Shaft Mining
34:13 Siege Elephant
36:08 Ballistics
36:16 Chain Mail Armor
35:38 Light Cavalry
40:59 Banking
40:27 Bodkin Arrow
40:47 Leather Archer Armor
40:45 Siege Engineers
拿捏木村
11:26 Feudal Age
15:05 Castle Age
13:22 Double-Bit Axe
13:45 Horse Collar
16:02 Heavy Plow
17:10 Bow Saw
19:18 Wheelbarrow
19:08 Stone Mining
19:12 Town Watch
19:15 Loom
21:48 Gold Mining
26:35 Imperial Age
25:21 Ballistics
25:19 Fletching
25:32 Crossbowman
27:02 Bodkin Arrow
28:36 Conscription
30:52 Chemistry
31:05 Thumb Ring
31:03 Bracer
32:30 Elite Obuch
33:11 Scale Mail Armor
33:36 Padded Archer Armor
33:11 Arbalester
34:49 Leather Archer Armor
37:27 Crop Rotation
37:08 Scale Barding Armor
36:42 Capped Ram
38:45 Chain Barding Armor
37:47 Light Cavalry
38:37 Bloodlines
38:28 Husbandry
38:48 Winged Hussar
39:52 Lechitic Legacy
39:47 Winged Hussar
40:28 Husbandry
40:45 Forging
40:23 Siege Ram
42:07 Iron Casting
41:29 Elite Skirmisher
42:25 Chain Mail Armor
小鸡
10:59 Feudal Age
15:01 Castle Age
13:10 Double-Bit Axe
13:18 Horse Collar
16:01 Bow Saw
22:24 Wheelbarrow
23:37 Gold Mining
24:22 Hand Cart
25:27 Gold Shaft Mining
24:43 Stone Mining
24:54 Heavy Plow
29:04 Imperial Age
27:12 Scale Mail Armor
27:23 Forging
28:00 Stone Shaft Mining
27:49 Squires
28:19 Chain Mail Armor
27:58 Loom
27:59 Town Watch
28:17 Gambesons
28:17 Arson
30:23 Iron Casting
29:29 Elite Varangian Guard
31:03 Plate Mail Armor
30:48 Hamask
31:54 Conscription
33:02 Iron Casting
34:50 Blast Furnace
34:46 Capped Ram
Connection lost

Rejoining the realm…

Still unreachable

The connection could not be restored.

Session expired

The server has moved on; the page needs a fresh start.